 Dungeon Crawl Stone Soup version 0.18-a0-1575-g920359c (webtiles) character file.

122084 Tomstefer the Warrior (level 16, -12/159 HPs)
             Began as a Minotaur Gladiator on Mar 16, 2016.
             Was the Champion of Okawaru.
             Mangled by Tomstefer's illusion (15 damage)
             ... woven by Mara
             ... on level 4 of the Swamp.
             The game lasted 01:23:49 (30550 turns).

Tomstefer the Warrior (Minotaur Gladiator)         Turns: 30550, Time: 01:23:50

Health: -12/159    AC: 30    Str: 23    XL:     16   Next: 33%
Magic:  20/20      EV: 10    Int: 13    God:    Okawaru [******]
Gold:   1815       SH:  0    Dex: 23    Spells: 0 memorised, 15 levels left

rFire  + . .     SeeInvis .     t - +3 demon whip "Biabycujoc" {speed, rF- rC++ Int+4 Dex+4}
rCold  + + +     Gourm    .     D - +0 plate armour {rF+}
rNeg   . . .     Faith    .     (no shield)
rPois  +         Spirit   .     x - +2 hat
rElec  .         Dismiss  .     T - +1 cloak of the Armoured One {-Tele Dex+4 Stlth+}
rCorr  .         Reflect  .     n - +2 pair of gloves
SustAt .         Harm     .     Q - +2 pair of boots {Stlth+}
MR     ++...     Rnd*Rage +     r - amulet of rage
Stlth  .......... NoTele   +    R - ring of protection from cold
                                H - ring "Beyboc" {rF+ MR+ Int+4 Slay+2}

@: very slightly contaminated, starving, invisible, very resistant to hostile
enchantments, extremely unstealthy
A: retaliatory headbutt, horns 2, berserk 1, sense surroundings 1, poison
resistance
a: Heroism, Finesse, Renounce Religion, Evoke Berserk Rage


You were on level 4 of the Swamp.
You worshipped Okawaru.
Okawaru was exalted by your worship.
You were starving.

You visited 5 branches of the dungeon, and saw 28 of its levels.
You also visited: Labyrinth, Ossuary, Ice Cave and Volcano.

You collected 2627 gold pieces.
You spent 812 gold pieces at shops.

Inventory:

Hand Weapons
 t - the +3 demon whip "Biabycujoc" (weapon) {speed, rF- rC++ Int+4 Dex+4}
   (You bought it in a shop on level 2 of the Orcish Mines)

   Attacks with this weapon are significantly faster.
   It affects your intelligence (+4).
   It affects your dexterity (+4).
   It makes you vulnerable to fire.
   It greatly protects you from cold.
 C - the +6 shillelagh "Devastator" {shatter}
   (You found it in an ice cave)
Armour
 n - a +2 pair of gloves (worn)
 x - a +2 hat (worn)
 D - a +0 plate armour of fire resistance (worn)
 Q - a +2 pair of boots of stealth (worn)
 T - the +1 cloak of the Armoured One (worn) {-Tele Dex+4 Stlth+}
   (Okawaru gifted it to you on level 8 of the Lair of Beasts)

   It affects your dexterity (+4).
   It prevents most forms of teleportation.
   It makes you more stealthy.
Rods
 b - a +2 rod of clouds (11/11)
   (You found it in a labyrinth)
 u - a +5 rod of ignition (14/14)
   (You found it in a labyrinth)
Jewellery
 p - an uncursed ring of flight
 r - an amulet of rage (around neck)
 H - the ring "Beyboc" (left hand) {rF+ MR+ Int+4 Slay+2}
   (You took it off a minotaur in a labyrinth)

   [ring of protection from magic]

   It affects your intelligence (+4).
   It affects your accuracy and damage with ranged weapons and melee attacks
   (+2).
   It protects you from fire.
   It affects your resistance to hostile enchantments.
 R - a ring of protection from cold (right hand)
Wands
 a - a wand of slowing (11/48)
 J - a wand of heal wounds (0/9)
 M - a wand of teleportation (5/9)
 X - a wand of heal wounds (2/9)
Scrolls
 d - 3 scrolls of enchant weapon
 e - 10 scrolls of recharging
 i - 7 scrolls of enchant armour
 s - 4 scrolls of fear
 w - a scroll of blinking
 y - 5 scrolls of identify
 z - 6 scrolls of teleportation
 B - a scroll of fog
 G - 6 scrolls of remove curse
Potions
 c - 6 potions of cancellation
 h - 9 potions of curing
 k - 2 potions of ambrosia
 l - 3 potions of haste
 A - a potion of flight
 E - 2 potions of berserk rage
 I - 3 potions of resistance
 L - 2 potions of might
 W - 2 potions of agility
Miscellaneous
 o - a phantom mirror
 S - a phial of floods
Comestibles
 f - 10 bread rations
 j - 3 beef jerkies
 m - 3 slices of pizza
 v - 7 meat rations
 K - 10 royal jellies
 U - 12 fruits


   Skills:
 + Level 18.7 Fighting
 - Level 18.5 Maces & Flails
 - Level 2.0 Throwing
 + Level 18.0 Armour
 - Level 3.2 Dodging
 - Level 5.3 Invocations
 + Level 7.4 Evocations


You had 15 spell levels left.
You didn't know any spells.

Dungeon Overview and Level Annotations

Branches:
Dungeon (13/15)            Temple (1/1) D:7            Lair (8/8) D:10
  Swamp (4/4) Lair:5        Snake (0/4) Lair:5        Slime (0/6) Lair:6
    Orc (2/2) D:12            Elf (0/3) Orc:2
 Vaults: D:13-14

Altars:
Ashenzari
Cheibriados
Dithmenos
Elyvilon
Fedhas
Gozag
Kikubaaqudgha
Makhleb
Nemelex Xobeh
Okawaru
Pakellas
Qazlal
Ru
Sif Muna
Trog
Vehumet
Xom
Yredelemnul
Zin
The Shining One
Beogh

Shops:
D:6 }   D:10 *   Orc:2 [(([

Annotations:
Swamp:4 Mara


Innate Abilities, Weirdness & Mutations

You reflexively headbutt those who attack you in melee.
You have a pair of horns on your head.
You tend to lose your temper in combat.
You passively map a small area around you.
Your system is resistant to poisons.


Message History

You are very lightly contaminated with residual magic.
A vampire mosquito comes into view.
The vampire mosquito buzzes angrily.
Something hits you but does no damage.
The vampire mosquito buzzes angrily.
You hit Tomstefer's illusion but do no damage.
You headbutt Tomstefer's illusion, but do no damage.
You escape the reach of the grasping roots.
The vampire mosquito buzzes angrily.
You strike the helpless Tomstefer's illusion from behind!
You thrash Tomstefer's illusion!!
Tomstefer's illusion is lightly wounded.
The vampire mosquito buzzes angrily.
Something hits you!!
* * * LOW HITPOINT WARNING * * *
You whack Tomstefer's illusion!
Tomstefer's illusion is moderately wounded.
The vampire mosquito buzzes angrily.
You hear an angry buzzing noise.
Tomstefer's illusion hits you!
You die...

..≈..♣♣♣♣.÷÷♣* , , ≈ ≈
,,,, ≈ ..<≈♣♣ ♣♣÷.♣# , , ,
* ♣.≈≈♣ ♣♣÷÷## ≈≈ ≈ .≈♣♣♣
♣)§.##** * .≈ , ≈≈ *
♣♣§..{♣♣ * * ≈≈≈≈≈ ≈≈,
♣÷≈Py≈.##♣#♣# #♣.≈≈§ ≈≈
♣{≈P...≈≈♣#.♣♣#≈..≈≈.
≈≈,,≈≈
♣.≈≈.♣{.@≈...♣≈≈..... * ≈≈
,≈§≈.≈≈♣♣@♣†♣♣.≈.....≈≈
≈≈≈.♣♣♣♣..♣♣♣♣♣♣♣♣♣♣≈.≈.≈≈
≈≈ , ♣≈.≈♣ * ,≈≈... ♣.≈♣♣
*, ≈≈≈≈≈. *, ♣♣♣** ≈≈≈ ≈≈.
≈ ≈ , ≈ ≈≈≈≈ ≈, * ≈ , ,≈
,≈ , * *≈ , *


You could see a vampire mosquito (wandering) and Tomstefer's illusion.

Vanquished Creatures
  Saint Roka (Orc:2)
  2 thorn hunters
  Kirke (Lair:6)
  A frost giant (D:12)
  Maud (Orc:2)
  Nessos (Lair:8)
  An ettin (Orc:2)
  A minotaur (Lab)
  23 hydras
  Harold (Lair:2)
  2 catoblepae
  A ghost crab (Swamp:4)
  10 alligators
  3 death yaks (Lair:8)
  A deep troll shaman (Lair:8)
  Urug (Volcano)
  A spriggan berserker (Swamp:2)
  6 spriggans (Swamp:2)
  3 spriggan druids (Swamp:2)
  An unseen horror (D:11)
  6 swamp dragons
  4 hill giants (D:10)
  The ghost of confidenceinterval the Basher, a novice GrFi of Pakellas (D:7)
  2 shambling mangroves
  2 orc knights
  A griffon (Lair:1)
  3 cyclopes
  2 oklob plants
  An orc sorcerer (Orc:1)
  Maurice (D:11)
  16 elephants
  Joseph (D:9)
  9 black mambas
  2 torpor snails
  4 ice statues
  A gargoyle (D:10)
  5 rime drakes
  17 spiny frogs
  7 komodo dragons
  A queen bee (D:10)
  3 trolls
  6 giant leeches
  2 polar bears (Lair:8)
  A merfolk (D:10)
  Prince Ribbit (D:7)
  A two-headed ogre (Orc:2)
  9 slime creatures
  5 bog bodies
  7 blink frogs (Lair:3)
  Sigmund (D:5)
  47 yaks
  4 wyverns
  3 water elementals (D:12)
  A vampire (D:9)
  A shadow (Swamp:1)
  Grum (D:8)
  A hog (Lair:6)
  8 hippogriffs
  16 vampire mosquitoes
  A fire bat (Volcano)
  5 hungry ghosts
  5 basilisks
  4 wargs (Orc:2)
  3 nagas (Lair:5)
  18 swamp worms
  7 insubstantial wisps
  16 water moccasins
  6 porcupines
  45 orc warriors
  27 ice beasts
  4 swamp drakes
  3 sky beasts
  3 phantoms
  4 black bears
  10 wasps
  19 wolves
  9 ogres
  9 centaurs
  15 crocodiles
  23 giant frogs
  6 elf zombies (Ossuary)
  4 scorpions
  A water moccasin skeleton (D:11)
  46 killer bees
  6 wights
  2 troll skeletons (Lab)
  3 howler monkeys (D:10)
  5 electric eels (D:12)
  5 centaur zombies (Ossuary)
  3 crimson imps
  2 lava snakes (Volcano)
  A giant frog zombie (D:5)
  A human zombie (Ossuary)
  10 jellies
  2 quasits
  24 orc priests
  5 giant frog skeletons
  6 hounds
  5 centaur skeletons
  Terence (D:2)
  Ijyb (D:3)
  5 iguanas
  22 orc wizards
  5 worker ants
  27 sheep
  3 mummies (Ossuary)
  A hound skeleton (D:9)
  10 gnolls
  95 river rats
  10 adders
  2 shadow imps (D:8)
  12 white imps (Lair:6)
  14 oozes
  An adder zombie (D:7)
  An adder skeleton (D:7)
  A worm (D:4)
  2 dart slugs
  3 giant geckos
  103 orcs
  10 giant cockroaches
  13 goblins
  5 hobgoblins
  10 jackals (D:3)
  5 quokkas
  2 ball pythons
  21 bats
  5 giant newts
  A jackal skeleton (D:8)
  8 kobolds
  16 rats
  2 briar patches (Swamp:1)
  A plant (Lair:1)
1057 creatures vanquished.

Vanquished Creatures (others)
  A hydra (Swamp:1)
  A giant frog (Lair:6)
  An iguana (Lair:6)
  6 briar patches (Swamp:4)
  31 fungi
  2 plants
  11 toadstools
53 creatures vanquished.

Grand Total: 1110 creatures vanquished

Notes
Turn   | Place    | Note
--------------------------------------------------------------
     0 | D:1      | Tomstefer the Minotaur Gladiator began the quest for the Orb.
     0 | D:1      | Reached XP level 1. HP: 18/18 MP: 0/0
   236 | D:1      | Reached XP level 2. HP: 20/25 MP: 1/1
   783 | D:2      | Reached XP level 3. HP: 28/31 MP: 2/2
  1174 | D:2      | Reached XP level 4. HP: 37/40 MP: 3/3
  1244 | D:2      | Reached skill level 5 in Maces & Flails
  1427 | D:2      | Noticed Terence
  1438 | D:2      | Killed Terence
  1660 | D:3      | Found a burning altar of Makhleb.
  1662 | D:3      | Noticed a balrug
  1769 | D:3      | Found a snail-covered altar of Cheibriados.
  1906 | D:3      | Noticed Ijyb
  1918 | D:3      | Killed Ijyb
  1918 | D:3      | Reached XP level 5. HP: 44/47 MP: 4/4
  2670 | D:4      | Found a stormy altar of Qazlal.
  2772 | D:4      | Noticed an ogre
  2779 | D:4      | Killed an ogre
  2779 | D:4      | Reached skill level 5 in Fighting
  2779 | D:4      | Reached XP level 6. HP: 54/56 MP: 5/5
  3361 | D:5      | Entered Level 5 of the Dungeon
  3601 | D:5      | Noticed Sigmund
  3602 | D:5      | Found a glowing silver altar of Zin.
  3618 | D:5      | Killed Sigmund
  3618 | D:5      | Reached XP level 7. HP: 44/63 MP: 6/6
  3834 | D:5      | Found a sacrificial altar of Ru.
  3955 | D:5      | Found a shadowy altar of Dithmenos.
  4071 | D:5      | Found a white marble altar of Elyvilon.
  4289 | D:5      | Reached XP level 8. HP: 70/73 MP: 7/7
  4345 | D:5      | Reached skill level 10 in Maces & Flails
  4345 | D:5      | Reached skill level 1 in Armour
  4391 | D:6      | Found a sand-covered staircase.
  4420 | D:6      | Found Cubiupt's Gadget Emporium.
  4433 | Ossuary  | Entered an ossuary
  4682 | D:6      | Reached XP level 9. HP: 64/81 MP: 8/8
  4702 | D:6      | Gained mutation: Your spells are a little harder to cast, but a little more powerful. [potion of beneficial mutation]
  4705 | D:6      | Gained mutation: Your body sometimes deteriorates upon taking damage. [potion of mutation]
  4705 | D:6      | Gained mutation: You occasionally shout uncontrollably at your foes. [potion of mutation]
  4705 | D:6      | Gained mutation: You tend to lose your temper in combat. [potion of mutation]
  5177 | D:7      | Noticed confidenceinterval's ghost (novice GrFi)
  5250 | D:7      | Killed confidenceinterval's ghost
  5250 | D:7      | Reached skill level 5 in Armour
  5261 | D:7      | Got a faintly glowing ring mail
  5304 | D:7      | Identified the +5 ring mail of Disaster {-Cast +Inv Dex+8} (You found it on level 7 of the Dungeon)
  5314 | D:7      | Found a staircase to the Ecumenical Temple.
  5358 | Temple   | Entered the Ecumenical Temple
  5365 | Temple   | Became a worshipper of Warmaster Okawaru
  5398 | D:7      | Found a shimmering altar of Xom.
  5399 | D:7      | Noticed Prince Ribbit
  5417 | D:7      | Killed Prince Ribbit
  5589 | D:7      | Reached * piety under Okawaru
  6151 | D:7      | Reached XP level 10. HP: 86/91 MP: 9/9
  6404 | D:8      | Noticed Grum
  6407 | D:8      | Noticed a cyclops
  6419 | D:8      | Reached ** piety under Okawaru
  6439 | D:8      | Killed Grum
  6446 | D:8      | Killed a cyclops
  6446 | D:8      | Reached skill level 10 in Fighting
  7172 | D:9      | Reached *** piety under Okawaru
  7512 | D:9      | Noticed Joseph
  7538 | D:9      | Killed Joseph
  8033 | D:9      | Reached **** piety under Okawaru
  8127 | D:9      | Noticed an oklob plant
  8182 | D:9      | Reached XP level 11. HP: 44/102 MP: 10/10
  8451 | D:9      | Killed an oklob plant
  8818 | D:10     | Entered Level 10 of the Dungeon
  8818 | D:10     | Found Nimn's Assorted Antiques.
  8818 | D:10     | Noticed a hill giant
  8826 | D:10     | Killed a hill giant
  8859 | D:10     | Noticed a hill giant
  8868 | D:10     | Killed a hill giant
  8894 | D:10     | Reached skill level 10 in Armour
  9088 | D:10     | Noticed a hill giant
  9104 | D:10     | Killed a hill giant
  9114 | D:10     | Reached ***** piety under Okawaru
  9114 | D:10     | Received a gift from Okawaru
  9844 | D:10     | Noticed a hill giant
  9867 | D:10     | Killed a hill giant
 10350 | D:10     | Found a staircase to the Lair.
 10500 | D:10     | Received a gift from Okawaru
 10555 | Lair:1   | Entered Level 1 of the Lair of Beasts
 11370 | Lair:1   | Noticed a griffon
 11383 | Lair:1   | Killed a griffon
 11383 | Lair:1   | Received a gift from Okawaru
 11536 | Lair:1   | Reached XP level 12. HP: 108/116 MP: 11/11
 11775 | Lair:2   | Noticed Harold
 11787 | Lair:2   | Killed Harold
 12023 | Lair:2   | Lost mutation: Your body sometimes deteriorates upon taking damage. [potion of cure mutation]
 12023 | Lair:2   | Lost mutation: Your spells are a little harder to cast, but a little more powerful. [potion of cure mutation]
 12023 | Lair:2   | Lost mutation: You occasionally shout uncontrollably at your foes. [potion of cure mutation]
 12027 | Lair:2   | Gained mutation: Your system is resistant to poisons. [potion of beneficial mutation]
 12555 | Lair:3   | Noticed a seven-headed hydra
 12571 | Lair:3   | Killed a seven-headed hydra
 13034 | Lair:3   | Reached ****** piety under Okawaru
 13040 | Lair:3   | Identified a scroll of acquirement
 13174 | Lair:3   | Reached skill level 15 in Fighting
 13389 | Lair:4   | Received a gift from Okawaru
 13679 | Lair:4   | Received a gift from Okawaru
 14320 | Lair:5   | Found a staircase to the Snake Pit.
 14399 | Lair:5   | Reached XP level 13. HP: 127/127 MP: 12/12
 14401 | Lair:5   | Reached skill level 15 in Maces & Flails
 14467 | Lair:5   | Gained mutation: You passively map a small area around you. [potion of beneficial mutation]
 14542 | Lair:5   | Found a staircase to the Swamp.
 14962 | Lair:6   | Found a staircase to the Slime Pits.
 15019 | Lair:6   | Found a frozen archway.
 15046 | IceCv    | Entered an ice cave
 15910 | Lair:6   | Noticed Kirke
 16001 | Lair:6   | Noticed a sphinx
 16001 | Lair:6   | HP: 7/192 [hog[Kirke] (10)]
 16002 | Lair:6   | Killed Kirke
 16774 | Lair:6   | Found a runed door.
 16983 | Lair:7   | Received a gift from Okawaru
 17572 | Lair:7   | Reached skill level 1 in Evocations
 17616 | Lair:7   | Reached skill level 15 in Armour
 17675 | Lair:7   | Identified a +1 rod of inaccuracy (9/9) (You found it on level 7 of the Lair of Beasts)
 18089 | Lair:8   | Entered Level 8 of the Lair of Beasts
 18128 | Lair:8   | Noticed Nessos
 18328 | Lair:7   | Reached XP level 14. HP: 64/137 MP: 14/14
 18534 | Lair:8   | Killed Nessos
 18824 | Lair:8   | Received a gift from Okawaru
 18849 | Lair:8   | Got a spiked cloak {god gift}
 18868 | Lair:8   | Identified the +1 cloak of the Armoured One {-Tele Dex+4 Stlth+} (Okawaru gifted it to you on level 8 of the Lair of Beasts)
 20469 | D:11     | Found a deep blue altar of Sif Muna.
 20902 | D:11     | Noticed Maurice
 20910 | D:11     | Killed Maurice
 21397 | D:12     | Found a staircase to the Orcish Mines.
 22448 | D:12     | Reached skill level 1 in Invocations
 22464 | D:12     | Noticed a frost giant
 22495 | D:12     | Killed a frost giant
 22658 | Orc:1    | Entered Level 1 of the Orcish Mines
 22714 | Orc:1    | Found a dark tunnel.
 22746 | Orc:1    | Received a gift from Okawaru
 22799 | Volcano  | Entered a volcano
 22913 | Volcano  | Found a bloodstained altar of Trog.
 22913 | Volcano  | Noticed Urug
 22922 | Volcano  | Killed Urug
 23059 | Orc:2    | Entered Level 2 of the Orcish Mines
 23120 | Orc:2    | Found a labyrinth entrance.
 23146 | Lab      | Entered a labyrinth
 24169 | Lab      | Got a coiled amber ring
 24189 | Lab      | Got a smoking ruby amulet
 24189 | Lab      | Got a brightly glowing silver ring
 24205 | Orc:2    | Identified a +5 rod of ignition (14/14) (You found it in a labyrinth)
 24206 | Orc:2    | Identified a +2 rod of clouds (11/11) (You found it in a labyrinth)
 24208 | Orc:2    | Identified the ring "Beyboc" {rF+ MR+ Int+4 Slay+2} (You took it off a minotaur in a labyrinth)
 24210 | Orc:2    | Identified the ring "Raamacup" {Ice Fragile rElec MR+} (You found it in a labyrinth)
 24217 | Orc:2    | Identified the amulet of Ylafoul {Harm *Drain rN+} (You found it in a labyrinth)
 24372 | Orc:2    | Found a roughly hewn altar of Beogh.
 24605 | Orc:2    | Found a staircase to the Elven Halls.
 24679 | Orc:2    | Found a roughly hewn altar of Beogh.
 24680 | Orc:2    | Found Pudi's Armour Shoppe.
 24791 | Orc:2    | Found a roughly hewn altar of Beogh.
 24803 | Orc:2    | Found Qyuzunt's Antique Weapon Emporium.
 24813 | Orc:2    | Bought an ancient demon whip for 700 gold pieces
 24813 | Orc:2    | Identified the +3 demon whip "Biabycujoc" {speed, rF- rC++ Int+4 Dex+4} (You bought it in a shop on level 2 of the Orcish Mines)
 24851 | Orc:2    | Reached XP level 15. HP: 147/147 MP: 17/17
 24912 | Orc:2    | Found a roughly hewn altar of Beogh.
 24937 | Orc:2    | Noticed Maud
 24947 | Orc:2    | Killed Maud
 25248 | Orc:2    | Noticed Saint Roka
 25322 | Orc:2    | Killed Saint Roka
 25650 | Orc:2    | Found Vyal's Antique Weapon Shop.
 25651 | Orc:2    | Found a roughly hewn altar of Beogh.
 25665 | Orc:2    | Found Seept's Antique Armour Boutique.
 25686 | Orc:2    | Bought a pair of runed gloves for 112 gold pieces
 26046 | Swamp:1  | Entered Level 1 of the Swamp
 26155 | Swamp:1  | Received a gift from Okawaru
 26184 | Swamp:1  | Noticed a thorn hunter
 26210 | Swamp:1  | Killed a thorn hunter
 26210 | Swamp:1  | Reached skill level 5 in Invocations
 27267 | Swamp:2  | Reached skill level 5 in Evocations
 27862 | Swamp:2  | Received a gift from Okawaru
 27903 | Swamp:2  | Got a bloodstained morningstar {god gift}
 28205 | Swamp:2  | Identified the +9 morningstar "Zuifoiwa" {venom, rN+ MR- MP+9 Dex+3} (Okawaru gifted it to you on level 2 of the Swamp)
 29434 | Swamp:3  | Reached XP level 16. HP: 157/157 MP: 19/19
 30030 | Swamp:4  | Entered Level 4 of the Swamp
 30083 | Swamp:4  | Received a gift from Okawaru
 30479 | Swamp:4  | Noticed a thorn hunter
 30521 | Swamp:4  | Noticed Mara
 30523 | Swamp:4  | Noticed Tomstefer's illusion
 30544 | Swamp:4  | Killed a thorn hunter
 30549 | Swamp:4  | HP: 3/159 [something (19)]
 30550 | Swamp:4  | Mangled by Tomstefer's illusion

Vault maps used:
D:1:      ldierk_walled_garden_2
D:2:      first_bread, patterned_corridor, uniq_terence
D:3:      kennysheep_goblin_castle, makhleb_altar_promises_db,
          cheibriados_altar_1
D:4:      lemuel_crystal_altar, portal_sewer_entry_b, minmay_splitting_lines
D:5:      kennysheep_mini_moat, overflow_temple_1_default,
          nicolae_overflow_crystal_walls, kennysheep_mini, uniq_sigmund
D:6:      nicolae_ossuary_entry_ruins, serial_shops, nicolae_shop_trees,
          minivault_27, kennysheep_another_room, grunt_ministairs_3
D:7:      xom_teletrap_fun, minmay_temple_entry_grid, uniq_prince_ribbit1
D:8:      uniq_grum
D:9:      lemuel_slime, uniq_joseph
D:10:     grunt_lair_entry_orc_guard_hut, serial_shops, shop,
          hangedman_fish_farm
D:11:     basic_altar, uniq_maurice
D:12:     minmay_twisted_water, orc_0_dummy
D:13:     grunt_decor_arrowhead, minivault_1, uniq_josephine
Temple:   minmay_freezing_vapour_temple_12
Lair:1:   hibernation_bobbens, serial_bayou_shore_b
Lair:2:   uniq_harold
Lair:3:   grunt_megastairs_5
Lair:4:   serial_bayou_shore_b, lemuel_fruit_tree
Lair:5:   swamp_mist, guppyfry_snake_entry_garden
Lair:6:   slime_dummy, portal_ice_cave_entry_imps, pf_torpor_hydra, uniq_kirke
Lair:8:   grunt_lair_end_beastmaster, uniq_nessos
Swamp:1:  cheibrodos_swamp_tower_of_moss, serial_swamp_ruin,
          evilmike_swamp_ruin_house_2, evilmike_swamp_ruin_rubble_1, swamp_pool1
Swamp:2:  cheibrodos_swamp_heart_of_darkness, evilmike_swamp_ruin_house_3,
          swamp_pool1
Swamp:3:  hangedman_swamp_ruin_hall, swamp_pool3
Swamp:4:  swamp_alternative, uniq_mara
Orc:1:    nicolae_volcano_entry_two_sided
Orc:2:    grunt_orc_community_town_hall, grunt_orc_community_big_house_2,
          grunt_orc_community_big_house_1, grunt_orc_community_house_2,
          grunt_orc_community_house_1, grunt_orc_community_house_2,
          grunt_orc_community_house_1, grunt_orc_community_house_1,
          grunt_orc_community_house_3, lab_entry_generic, uniq_maud
Lab:      labyrinth_spiral, labyrinth_skeletal_remains, nicolae_lab_do_over,
          nicolae_lab_dead_end, lab_block
Ossuary:  ossuary_minmay_four_chambers
IceCv:    ice_cave_statue_garden_02
Volcano:  volcano_grotto

Skill      XL: |  1  2  3  4  5  6  7  8  9 10 11 12 13 14 15 16 |
---------------+-------------------------------------------------+-----
Maces & Flails | 4 6 7 8 9 11 13 14 17 18 | 18.5
Fighting       | 3 4 5 6 7 8 9 11 13 15 16 17 18 | 18.7
Armour         | 4 6 9 12 14 15 16 17 18 | 18.0
Evocations     | 1 4 6 7 |  7.4
Invocations    | 3 5 |  5.3
Throwing       | |  2.0
Dodging        | |  3.2

Action                   |  1- 3 |  4- 6 |  7- 9 | 10-12 | 13-15 | 16-18 || total
-------------------------+-------+-------+-------+-------+-------+-------++-------
Melee: Flail             |    10 |       |       |       |       |       ||    10
       Whip              |    64 |   170 |    99 |   894 |       |       ||  1227
       Mace              |       |    45 |   264 |       |       |       ||   309
       Morningstar       |       |       |       |   106 |  1160 |       ||  1266
       Great mace        |       |       |       |    32 |       |       ||    32
       Unarmed           |       |       |       |       |    14 |       ||    14
       Demon whip        |       |       |       |       |   684 |   186 ||   870
Invok: Heroism           |       |       |       |     2 |     1 |     1 ||     4
       Finesse           |       |       |       |       |     1 |       ||     1
 Abil: Evoke Invisibilit |       |       |       |       |     1 |       ||     1
       Evoke Flight      |       |       |       |       |     2 |       ||     2
Evoke: Wand              |       |       |     5 |       |     2 |     4 ||    11
  Use: Scroll            |     3 |     8 |    15 |    10 |    13 |     1 ||    50
       Potion            |       |       |     2 |     4 |    13 |     1 ||    20
 Stab: Sleeping          |       |       |       |       |     1 |       ||     1
       Invisible         |       |       |       |       |       |     1 ||     1
  Eat: Chunk             |     1 |     8 |    10 |    14 |    50 |     2 ||    85
       Bread ration      |       |       |       |     3 |     4 |       ||     7
       Royal jelly       |       |       |       |     3 |     1 |       ||     4
       Beef jerky        |       |       |       |     2 |       |       ||     2
       Fruit             |       |       |       |       |     2 |       ||     2
       Pizza             |       |       |       |       |       |     1 ||     1
